 Dungeon Crawl Stone Soup version 0.19-a0-2173-g1ee194f (console) character file.

243308 Lasty the Warrior (level 20, -1/174 HPs)
             Began as a Human Gladiator on Feb 18, 2017.
             Was a High Priest of Trog.
             Slain by a deep troll (7 damage)
             ... on level 2 of the Depths.
             The game lasted 02:02:03 (32608 turns).

Lasty the Warrior (Human Gladiator)                Turns: 32608, Time: 02:02:08

Health: -1/174     AC: 44 (39%)Str: 27  XL:     20   Next: 67%
Magic:  31/31      EV: 18    Int: 10    God:    Trog [*****.]
Gold:   2207       SH:  0    Dex: 18    Spells: 19/19 levels left

rFire    + . .     SeeInvis .   a - +9 quarterstaff (speed)
rCold    + . .     Faith    .   j - +9 plate armour {rF+}
rNeg     . . .     Spirit   .   (shield currently unavailable)
rPois    .         Reflect  .   c - +2 helmet
rElec    .                      U - +0 cloak
rCorr    .                      p - +0 pair of gloves {Str+3}
MR       +....                  m - +1 pair of boots of the Final Places {rC+ Str+3}
Stlth    ..........             A - amulet of regeneration
Regen    0.8/turn               t - +3 ring of protection
                                g - +3 ring of slaying {=R}

@: very slightly contaminated, studying Stealth
A: repulsion field 1, icy blue scales 1, molten scales 1, agile 1, high mp 1,
subdued magic 1
}: 1/15 runes: serpentine
a: Berserk, Trog's Hand, Brothers in Arms, Renounce Religion


You were on level 2 of the Depths.
You worshipped Trog.
Trog was extremely pleased with you.
You were not hungry.

You visited 5 branches of the dungeon, and saw 25 of its levels.
You visited the Abyss 1 time.
You also visited: Ice Cave.

You collected 4147 gold pieces.
You spent 1940 gold pieces at shops.


Innate Abilities, Weirdness & Mutations

You are surrounded by a mild repulsion field. (EV +2)
You are partially covered in icy blue scales. (AC +2)
You are partially covered in molten scales. (AC +2)
You are agile. (Dex +2)
You have an increased reservoir of magic. (+10% MP)
Your spells are a little easier to cast, but a little less powerful.


   Skills:
 * Level 19.2 Fighting
 - Level 1.0 Axes
 - Level 14.0 Staves
 - Level 2.0 Throwing
 * Level 18.8 Armour
 * Level 12.6 Dodging
 + Level 10.9 Evocations


You had 19 spell levels left.
You didn't know any spells.

Inventory:

Hand Weapons
 a - a +9 quarterstaff of speed (weapon)
   (You took it off Joseph on level 8 of the Dungeon)
Missiles
 h - 318 tomahawks
 y - 15 frenzy darts
 L - 90 poisoned javelins
 O - 3 javelins
 W - 175 poisoned darts (quivered)
Armour
 c - a +2 helmet (worn)
 j - a +9 plate armour of fire resistance (worn)
   (You took it off an orc warlord on level 2 of the Orcish Mines)
 m - the +1 pair of boots of the Final Places (worn) {rC+ Str+3}
   (You bought it in a shop on level 2 of the Orcish Mines)

   It affects your strength (+3).
   It protects you from cold.
 p - a +0 pair of gloves of strength (worn)
   (You bought it in a shop on level 2 of the Orcish Mines)
 U - a +0 cloak (worn)
Jewellery
 g - a +3 ring of slaying (left hand) {=R}
 r - an uncursed ring of poison resistance
 t - a +3 ring of protection (right hand)
 A - an amulet of regeneration (around neck)
 B - the ring of the Mage {Wiz MR++ Int+3}
   (You found it on level 1 of the Depths)

   [ring of wizardry]

   It improves your spell success rate.
   It affects your intelligence (+3).
   It affects your resistance to hostile enchantments.
Wands
 e - a wand of digging (7)
 f - a wand of acid (7)
 s - a wand of scattershot (2)
 w - a wand of clouds (1)
 S - a wand of paralysis (4)
 T - a wand of lightning (5)
 V - a wand of iceblast (5)
Scrolls
 d - 2 scrolls of recharging
 k - 4 scrolls of immolation {!r}
 l - 5 scrolls of magic mapping {!r}
 v - 3 scrolls of teleportation {!r}
 G - 2 scrolls of fear {!r}
 K - a scroll of enchant weapon
 R - 2 scrolls of holy word {!r}
 X - a scroll of fog
 Y - 3 scrolls of blinking
Potions
 i - 2 potions of haste {!q}
 n - 8 potions of curing
 o - 6 potions of flight
 q - 5 potions of might {!q}
 u - 2 potions of berserk rage {!q}
 z - a potion of cure mutation {!q}
 D - 3 potions of heal wounds {!q}
 E - 3 potions of magic {!q}
 H - a potion of ambrosia
 I - 6 potions of brilliance {!q}
 M - a potion of invisibility {!q}
 N - 4 potions of agility {!q}
 Z - 2 potions of cancellation {!q}
Books
 Q - a manual of Stealth {!d}
Miscellaneous
 x - a sack of spiders
 F - a box of beasts
 J - 2 phantom mirrors
 P - a fan of gales


Message History

The deep troll completely misses you. The yaktaur captain misses you.
Unknown command.
You bludgeon the yaktaur captain (23)!!
The yaktaur captain is almost dead.
The deep troll earth mage bites you (5).
* * * LOW HITPOINT WARNING * * *
The deep troll earth mage claws you but does no damage. x2
You take 5 damage.
Unknown command.
You sock the yaktaur captain (8)!
The yaktaur captain is almost dead.
The deep troll misses you.
The deep troll claws you but does no damage.
The deep troll misses you. The yaktaur captain hits you (5).
* * * LOW HITPOINT WARNING * * *
You take 5 damage.
Unknown command.
You sock the yaktaur captain (15)!
You kill the yaktaur captain!
Trog accepts your kill.
The deep troll earth mage bites you (27)!!
* * * LOW HITPOINT WARNING * * *
The deep troll earth mage claws you (1).
* * * LOW HITPOINT WARNING * * *
The deep troll earth mage closely misses you.
The deep troll bites you but does no damage.
The deep troll barely misses you.
The deep troll claws you but does no damage.
You take 28 damage.
Blink to where?
You are very lightly contaminated with residual magic.
As you read the scroll of blinking, it crumbles to dust.
Your ogre goes berserk!
The deep troll earth mage bites your ogre (40)!!!
Your ogre dies!
Here: a deep troll earth mage (blue smoke, moderately wounded, fast, unusually strong)
The floor.
Unknown command.
Unknown command.
Really read
b - a scroll of summoning {!r}?
As you read the scroll of summoning {!r}, it crumbles to dust.
Wisps of shadow whirl around you...
The deep troll earth mage bites you (14)!
* * * LOW HITPOINT WARNING * * *
The deep troll earth mage claws you but does no damage.
The deep troll earth mage closely misses you.
The deep troll bites you (24)!!
* * * LOW HITPOINT WARNING * * *
The deep troll closely misses you. The deep troll claws you (7)!
You die...

▒▒.....▒ ▒▒.....▒▒
▒▒.....▒▒ ▒▒..[÷.▒▒ .
▒▒....<▒▒ .. ▒▒▒.....▒▒
▒▒▒. ▒▒▒▒......▒▒
▒.▒''▒▒▒▒▒▒▒▒▒▒▒C▒u.(...▒▒
'...§§..§§§§...T@u'u...▒▒
...§§§§)§≈§§§§.T..▒..▒▒▒
...§§..†.§§§§§.R..▒▒▒▒
▒▒..§§...<.§....▒▒▒
▒▒▒▒▒▒▒▒▒▒▒▒▒▒▒▒


You could see a deep troll, a deep troll earth mage, 3 friendly very ugly
things, a friendly stone giant and a friendly rakshasa.

Vanquished Creatures
  An ancient lich (Depths:1)
  Vashnia (Snake:3)
  An ancient champion (Depths:2)
  A tentacled starspawn (Abyss:1)
  An iron troll (Depths:2)
  Gastronok (D:8)
  8 greater nagas
  4 fire giants
  3 frost giants
  3 vault wardens
  Aizul (Vaults:1)
  An orc warlord (Orc:2)
  A war gargoyle (D:13)
  9 ironheart preservers
  4 very ugly things
  6 stone giants
  A deep elf annihilator (Vaults:1)
  A dire elephant (D:15)
  Snorg (D:11)
  A deep elf death mage (Vaults:2)
  3 ettins
  4 great orbs of eyes
  4 yaktaur captains
  3 rakshasas
  2 ice dragons (Vaults:1)
  12 naga warriors
  4 vault guards (D:15)
  2 eidola
  10 centaur warriors
  A catoblepas (D:13)
  16 anacondas
  14 two-headed ogres
  A death knight (D:12)
  6 deep troll shamans
  A tengu warrior (D:14)
  6 orc high priests
  6 ogre magi
  5 deep troll earth magi
  8 naga sharpshooters
  A thrashing horror (Abyss:1)
  6 shock serpents
  Urug (D:15)
  2 deep elf knights (Vaults:2)
  Nergalle (D:12)
  8 skeletal warriors
  9 salamander mystics
  A sixfirhy (D:9)
  10 naga ritualists
  A flayed ghost (D:13)
  2 unseen horrors
  9 deep trolls
  2 phantasmal warriors
  2 deep elf archers (Vaults:2)
  3 obsidian statues (Depths:1)
  A necromancer (Vaults:1)
  8 wizards
  3 harpies (Vaults:2)
  6 ironbrand convokers
  Pikel (D:5)
  10 orc knights
  15 ugly things
  A harpy (shapeshifter) (Vaults:1)
  11 mana vipers
  10 salamanders
  2 orc sorcerers (Orc:2)
  4 manticores
  5 cyclopes
  A hornet (Vaults:2)
  2 large abominations (Abyss:1)
  14 deep elf magi
  4 guardian serpents (Snake:3)
  Joseph (D:8)
  A guardian serpent (shapeshifter) (Vaults:2)
  An orb spider (shapeshifter) (Vaults:2)
  2 centaur zombies
  23 black mambas
  A torpor snail (D:11)
  4 vault sentinels
  3 spiny frogs
  A human skeleton (Vaults:1)
  An ice statue (IceCv)
  17 naga magi
  2 gargoyles
  4 centaur skeletons
  A smoke demon (Abyss:1)
  An efreet (D:15)
  A spiny frog (shapeshifter) (Vaults:1)
  8 freezing wraiths
  A rime drake (D:15)
  10 yaktaurs
  2 human zombies (Vaults:1)
  A tengu conjurer (D:15)
  6 meliai
  2 ancient zymes (Abyss:1)
  7 trolls
  A jumping spider (shapeshifter) (Vaults:1)
  12 polar bears (IceCv)
  A wind drake (shapeshifter) (Vaults:1)
  Prince Ribbit (D:6)
  A merfolk (D:15)
  10 blink frogs
  5 slime creatures (D:15)
  3 shadows
  Sigmund (D:5)
  A centaur simulacrum (D:15)
  A spriggan (shapeshifter) (Vaults:2)
  A tarantella (shapeshifter) (Vaults:1)
  2 vampires
  17 yaks
  2 wyverns
  A black mamba skeleton (D:10)
  Grum (D:8)
  A basilisk (shapeshifter) (D:13)
  A water elemental (D:15)
  3 fire elementals (Orc:2)
  2 small abominations (Abyss:1)
  2 steam dragons
  71 nagas
  10 wargs
  An acid dragon (D:14)
  3 hell hounds (Orc:2)
  Duvessa (D:4)
  40 orc warriors
  2 spiny frog skeletons
  26 ogres
  An eye of draining (shapeshifter) (Vaults:1)
  A black bear (D:8)
  5 ice beasts
  A wasp (D:12)
  5 boggarts (Vaults:1)
  12 wolves
  19 centaurs
  A blink frog skeleton (D:12)
  A rime drake zombie (D:7)
  A rime drake skeleton (D:12)
  2 bullfrogs
  2 gnoll sergeants
  A wyvern zombie (D:9)
  A wyvern skeleton (D:6)
  Dowan (D:4)
  2 scorpions
  4 killer bees (D:12)
  16 wights
  2 electric eels (D:13)
  2 howler monkeys
  6 crimson imps
  2 bullfrog zombies (D:6)
  A wasp zombie (D:10)
  2 quasits (D:7)
  4 hounds
  9 jellies
  28 orc priests
  16 orc wizards
  A worker ant (D:6)
  An iguana (D:6)
  12 gnolls
  6 adders
  A shadow imp (D:8)
  18 oozes
  4 dart slugs
  96 orcs
  11 quokkas
  9 giant cockroaches
  7 goblins
  10 hobgoblins
  6 jackals (D:4)
  2 ball pythons
  8 bats
  3 frilled lizards
  A jackal skeleton (D:4)
  9 kobolds
  A quokka skeleton (D:5)
  9 rats
  A fungus (Depths:1)
1003 creatures vanquished.

Vanquished Creatures (collateral kills)
  A storm dragon (D:13)
  A vault warden (Vaults:1)
  Nessos (Orc:2)
  Azrael (Orc:2)
  A crystal guardian (D:13)
  A vault guard (Vaults:1)
  A naga warrior (Snake:3)
  An orc high priest (Orc:2)
  A naga sharpshooter (Snake:3)
  A deep elf archer (Vaults:2)
  An ironbrand convoker (Vaults:2)
  3 orc knights
  A naga mage (Snake:3)
  A gargoyle (D:13)
  2 nagas (Snake:3)
  10 orc warriors (Orc:2)
  3 orc wizards (Orc:2)
  2 orc priests (Orc:2)
  6 orcs
39 creatures vanquished.

Vanquished Creatures (others)
  A shadow wraith (Vaults:2)
  An orc priest (Orc:2)
  12 fungi
  2 plants (D:15)
  4 starspawn tentacles (Abyss:1)
20 creatures vanquished.

Grand Total: 1062 creatures vanquished

Notes
Turn   | Place    | Note
-------+----------+-------------------------------------------
     0 | D:1      | Lasty the Human Gladiator began the quest for the Orb.
     0 | D:1      | Reached XP level 1. HP: 16/16 MP: 1/1
    32 | D:1      | Reached XP level 2. HP: 11/22 MP: 2/2
   645 | D:1      | Reached skill level 4 in Staves
   645 | D:1      | Reached XP level 3. HP: 27/27 MP: 3/3
  1089 | D:1      | --+3 ring of slaying!
  1242 | D:2      | Reached XP level 4. HP: 33/33 MP: 4/4
  1456 | D:2      | Found a bloodstained altar of Trog.
  1464 | D:2      | --hey
  1464 | D:2      | --neat
  1464 | D:2      | Became a worshipper of Trog the Wrathful
  1600 | D:2      | Found a stormy altar of Qazlal.
  1652 | D:2      | Reached skill level 5 in Staves
  1697 | D:2      | Found a basalt altar of Yredelemnul.
  2121 | D:3      | Reached XP level 5. HP: 37/38 MP: 5/5
  2266 | D:3      | Found a deep blue altar of Sif Muna.
  2302 | D:3      | Reached * piety under Trog
  2377 | D:3      | Reached skill level 6 in Staves
  2379 | D:3      | HP: 16/57 [adder (4)]
  2402 | D:3      | Reached XP level 6. HP: 17/46 MP: 6/6
  2953 | D:3      | Reached skill level 3 in Fighting
  2955 | D:3      | Got Sif Muna's Papyrus of Creation
  3085 | D:3      | Noticed an ogre
  3090 | D:3      | Noticed an orc warrior
  3092 | D:3      | Killed an ogre
  3092 | D:3      | Reached XP level 7. HP: 52/52 MP: 7/7
  3098 | D:3      | HP: 18/78 [orc warrior/+0 dire flail (22)]
  3099 | D:3      | Reached skill level 4 in Fighting
  3678 | D:4      | Reached skill level 7 in Staves
  3938 | D:4      | Reached ** piety under Trog
  3942 | D:4      | Reached skill level 5 in Fighting
  3942 | D:4      | Reached XP level 8. HP: 52/62 MP: 8/8
  4238 | D:4      | Found an opulent altar of Gozag.
  4337 | D:4      | Noticed Dowan
  4345 | D:4      | Killed Dowan
  4352 | D:4      | Noticed Duvessa
  4375 | D:4      | Killed Duvessa
  4937 | D:4      | Reached skill level 8 in Staves
  5131 | D:5      | Entered Level 5 of the Dungeon
  5131 | D:5      | Noticed Sigmund
  5145 | D:5      | Killed Sigmund
  5145 | D:5      | Reached skill level 6 in Fighting
  5189 | D:5      | Found a bloodstained altar of Trog.
  5190 | D:5      | Found a burning altar of Makhleb.
  5191 | D:5      | Found a hazy altar of Hepliaklqana.
  5191 | D:5      | Found a sparkling altar of Nemelex Xobeh.
  5271 | D:5      | Noticed Pikel
  5287 | D:5      | Killed Pikel
  5287 | D:5      | Reached skill level 7 in Fighting
  5287 | D:5      | Reached skill level 9 in Staves
  5287 | D:5      | Reached XP level 9. HP: 72/72 MP: 9/9
  5520 | D:5      | Found a snail-covered altar of Cheibriados.
  5530 | D:5      | Found a glowing golden altar of the Shining One.
  5765 | D:6      | Reached skill level 8 in Fighting
  6140 | D:6      | Found a staircase to the Ecumenical Temple.
  6190 | D:6      | Gained mutation: You have an increased reservoir of magic. (+10% MP) [potion of mutation]
  6190 | D:6      | Gained mutation: You are partially covered in icy blue scales. (AC +2) [potion of mutation]
  6190 | D:6      | Gained mutation: You are agile. (Dex +2) [potion of mutation]
  6191 | D:6      | --yay
  6216 | D:6      | Reached skill level 10 in Staves
  6222 | D:6      | Noticed Prince Ribbit
  6232 | D:6      | Killed Prince Ribbit
  6269 | D:6      | Reached *** piety under Trog
  6291 | D:6      | Reached XP level 10. HP: 78/82 MP: 11/11
  6894 | D:7      | Reached skill level 9 in Fighting
  7042 | D:7      | Reached skill level 1 in Armour
  7089 | D:7      | Found Lass's Armour Boutique.
  7121 | D:7      | Bought a +3 plate armour of poison resistance for 420 gold pieces
  7165 | D:7      | Reached skill level 2 in Armour
  7360 | D:7      | Reached skill level 11 in Staves
  7360 | D:7      | Reached skill level 3 in Armour
  7660 | D:8      | Noticed Joseph
  7781 | D:8      | Killed Joseph
  7866 | D:8      | Reached skill level 4 in Armour
  8145 | D:8      | Noticed Grum
  8154 | D:8      | Killed Grum
  8297 | D:8      | Reached skill level 5 in Armour
  8386 | D:8      | Noticed Gastronok
  8414 | D:8      | Killed Gastronok
  8414 | D:8      | Reached skill level 12 in Staves
  8414 | D:8      | Reached skill level 6 in Armour
  8414 | D:8      | Reached XP level 11. HP: 89/89 MP: 12/12
  8544 | D:9      | --eep
  8680 | D:9      | Noticed a sixfirhy
  8681 | D:9      | Found a runed door.
  8697 | D:9      | Noticed a two-headed ogre
  8709 | D:9      | Killed a two-headed ogre
  8709 | D:9      | Reached skill level 7 in Armour
  8877 | D:9      | Cast into level 1 of the Abyss (wight)
  8878 | Abyss:1  | --oops
  8878 | Abyss:1  | --typo
  8954 | Abyss:1  | Noticed a large abomination
  8963 | Abyss:1  | Noticed a thrashing horror
  8975 | Abyss:1  | Killed a thrashing horror
  8978 | Abyss:1  | Killed a large abomination
  8978 | Abyss:1  | Reached skill level 8 in Armour
  9086 | Abyss:1  | Noticed a tentacled starspawn
  9101 | Abyss:1  | Killed a tentacled starspawn
  9101 | Abyss:1  | Reached skill level 13 in Staves
  9134 | Abyss:1  | HP: 25/89 [burnt (13)]
  9143 | Abyss:1  | Reached XP level 12. HP: 59/95 MP: 13/13
  9221 | Abyss:1  | Reached skill level 9 in Armour
  9238 | Abyss:1  | Noticed a thrashing horror
  9242 | D:9      | Escaped the Abyss
  9244 | D:9      | HP: 23/95 [wight/+2 halberd of distortion (7)]
  9295 | D:9      | --you fucker
  9468 | D:9      | Got the ring of the Lily {+Inv rPois rC- MP+9 Int+5}
  9469 | D:9      | --noope
  9627 | D:9      | Killed a sixfirhy
  9717 | D:10     | Entered Level 10 of the Dungeon
  9958 | D:10     | Noticed a two-headed ogre
  9971 | D:10     | Killed a two-headed ogre
 10003 | D:10     | Noticed a two-headed ogre
 10014 | D:10     | Killed a two-headed ogre
 10014 | D:10     | Reached skill level 10 in Armour
 10081 | D:10     | Noticed a two-headed ogre
 10095 | D:10     | HP: 36/142 [two-headed ogre/+0 giant spiked club (16)]
 10097 | D:10     | Killed a two-headed ogre
 10097 | D:10     | Reached skill level 14 in Staves
 10111 | D:10     | HP: 26/142 [wasp zombie (3)]
 10125 | D:10     | HP: 16/95 [blink frog (3)]
 10545 | D:10     | Reached **** piety under Trog
 10770 | D:10     | Reached skill level 10 in Fighting
 10770 | D:10     | Reached skill level 11 in Armour
 10899 | D:10     | Found a staircase to the Orcish Mines.
 10899 | D:10     | Noticed a two-headed ogre
 10907 | D:10     | Killed a two-headed ogre
 10907 | D:10     | Reached XP level 13. HP: 65/103 MP: 14/14
 10966 | Orc:1    | Entered Level 1 of the Orcish Mines
 11010 | Orc:1    | Noticed an ettin
 11115 | Orc:1    | --hmm
 11127 | Orc:1    | --shit
 11130 | Orc:1    | Killed an ettin
 11194 | Orc:1    | Found a shimmering altar of Xom.
 11246 | Orc:1    | Found a frozen archway.
 11581 | IceCv    | Entered an ice cave
 11719 | IceCv    | Reached skill level 11 in Fighting
 11814 | IceCv    | Reached skill level 12 in Armour
 11852 | IceCv    | Gained mutation: You are partially covered in molten scales. (AC +2) [potion of beneficial mutation]
 11857 | IceCv    | Gained mutation: You are surrounded by a mild repulsion field. (EV +2) [potion of beneficial mutation]
 12308 | IceCv    | Noticed a frost giant
 12339 | IceCv    | Killed a frost giant
 12339 | IceCv    | Received a gift from Trog
 12441 | IceCv    | --bleh
 12449 | IceCv    | --bad options
 12672 | Orc:2    | Entered Level 2 of the Orcish Mines
 12672 | Orc:2    | Noticed Azrael
 12684 | Orc:2    | --hahahahaha
 12689 | Orc:2    | HP: 29/107 [fire elemental[Azrael] (4)]
 12917 | Orc:2    | Noticed Nessos
 12932 | Orc:2    | Killed Nessos
 12932 | Orc:2    | Reached skill level 12 in Fighting
 12954 | Orc:2    | Killed Azrael
 12994 | Orc:2    | HP: 30/108 [orc warrior/+0 scimitar of electrocution (8)]
 13135 | Orc:2    | --In case anyone is wondering, I'm testing whether Trog can be relied on to gift in Hellcrawl
 13205 | Orc:2    | Reached skill level 13 in Armour
 13205 | Orc:2    | Reached XP level 14. HP: 115/115 MP: 15/15
 13361 | Orc:2    | Gained mutation: Your spells are a little easier to cast, but a little less powerful. [a neqoxec]
 13395 | Orc:2    | HP: 33/116 [orc high priest/divine providence (16)]
 13432 | Orc:2    | --huh
 13478 | Orc:2    | HP: 33/116 [orc warrior/silver tomahawk (3)]
 13739 | Orc:2    | Noticed an orc warlord
 13748 | Orc:2    | Killed an orc warlord
 13764 | Orc:2    | Reached skill level 13 in Fighting
 14231 | Orc:2    | Found Zyokut's Assorted Antiques.
 14231 | Orc:2    | Found Muzytzat's Antique Armour Shop.
 14232 | Orc:2    | Found Myossyar's Distillery.
 14232 | Orc:2    | Found Guupt's Distillery.
 14243 | Orc:2    | Bought the +1 pair of boots of the Final Places {rC+ Str+3} for 774 gold pieces
 14248 | Orc:2    | Bought a +0 pair of gloves of strength for 299 gold pieces
 14254 | Orc:2    | Bought a potion of heal wounds for 70 gold pieces
 14254 | Orc:2    | Bought a potion of agility for 56 gold pieces
 14256 | Orc:2    | Bought a potion of heal wounds for 70 gold pieces
 14552 | Orc:2    | Bought 2 potions of heal wounds for 140 gold pieces
 14798 | D:11     | Noticed Snorg
 14811 | D:11     | Killed Snorg
 14964 | D:11     | Reached skill level 14 in Armour
 15481 | D:11     | Got the Disquisition on Moulding
 15558 | D:12     | Noticed Nergalle
 15582 | D:12     | Killed Nergalle
 15655 | D:12     | Found a portal to a secret trove of treasure.
 15722 | D:12     | HP: 29/119 [??? (26)]
 15730 | D:12     | HP: 11/119 [??? (8)]
 15738 | D:12     | HP: 10/119 [??? (7)]
 16200 | D:12     | Reached ***** piety under Trog
 16292 | D:12     | Reached skill level 14 in Fighting
 16507 | D:12     | Reached XP level 15. HP: 126/126 MP: 16/16
 17350 | D:13     | Noticed a storm dragon
 17385 | D:13     | Reached skill level 15 in Armour
 17390 | D:13     | Killed a storm dragon
 17563 | D:13     | Noticed a war gargoyle
 17568 | D:13     | Killed a war gargoyle
 18098 | D:14     | Found a staircase to the Snake Pit.
 18357 | D:14     | Reached skill level 15 in Fighting
 18641 | D:14     | Got the Compendium of Conjuration and Malediction
 18828 | D:15     | Entered Level 15 of the Dungeon
 19035 | D:15     | HP: 37/129 [fire elemental[a deep elf mage] (5)]
 19040 | D:15     | HP: 29/129 [burnt (1)]
 19055 | D:15     | Received a gift from Trog
 19263 | D:15     | --lol, oh good, a -3 laja w/ no brand
 19457 | D:15     | Found a shadowy altar of Dithmenos.
 19521 | D:15     | Reached skill level 16 in Armour
 19627 | D:15     | Noticed Urug
 19650 | D:15     | Killed Urug
 19723 | D:15     | --aw
 19775 | D:15     | Reached skill level 1 in Axes
 19775 | D:15     | Reached XP level 16. HP: 136/136 MP: 17/17
 20037 | D:15     | Found a gate to the Vaults.
 20238 | D:15     | Found a staircase to the Depths.
 20262 | D:15     | Reached skill level 16 in Fighting
 20532 | Vaults:1 | Entered Level 1 of the Vaults
 20584 | Vaults:1 | Noticed a vault warden
 20749 | Vaults:1 | Noticed a vault warden
 20784 | Vaults:1 | HP: 41/138 [vault warden/+0 war axe (9)]
 20785 | Vaults:1 | HP: 12/138 [vault warden/+0 war axe (30)]
 20800 | Vaults:1 | Killed a vault warden
 20800 | Vaults:1 | Reached skill level 1 in Evocations
 20955 | Vaults:1 | --Again?
 21008 | Vaults:1 | Reached skill level 2 in Evocations
 21207 | Vaults:1 | Reached skill level 3 in Evocations
 21404 | Vaults:1 | HP: 57/208 [stone giant (24)]
 21410 | Vaults:1 | Reached skill level 17 in Armour
 21773 | Vaults:1 | Noticed Aizul
 21796 | Vaults:1 | Killed Aizul
 21796 | Vaults:1 | Reached skill level 4 in Evocations
 21854 | Vaults:1 | Noticed a vault warden
 21855 | Vaults:1 | --yay
 21875 | Vaults:1 | Killed a vault warden
 22157 | Vaults:1 | Reached XP level 17. HP: 109/146 MP: 22/22
 22169 | Vaults:1 | --fuck it, I'm using this elec broad axe
 22506 | Vaults:1 | Reached skill level 5 in Evocations
 22588 | Vaults:1 | --fuck it I'm training something else
 22588 | Vaults:1 | --the best weapon is this +0 elec broad axe which doesn't crosstrain
 22588 | Vaults:1 | --ugh
 22588 | Vaults:1 | --I just really don't want to put 18 more levels into a weapon skill
 22588 | Vaults:1 | --FUCK IT. STUBBORNNESS FOR THE WIN.
 22588 | Vaults:1 | --STAVES ONLY
 22710 | Snake:1  | Entered Level 1 of the Snake Pit
 23059 | D:15     | --Yay, a technical upgrade
 23060 | D:15     | --only another 1000 years until I get a non-QS weapon or a weapon better than +2
 23420 | Snake:1  | Reached skill level 17 in Fighting
 23865 | Snake:1  | Got the +1 mace "Qaradwun" {elec, rF+ MR- Int+4}
 23921 | Snake:1  | Reached skill level 6 in Evocations
 24431 | Snake:2  | --lol!
 24431 | Snake:2  | --How'd I miss that +5 QS of speed on D8? What an idiot.
 24669 | D:8      | --I do not hate this
 24864 | Snake:2  | Reached skill level 7 in Evocations
 25116 | Snake:2  | --much better
 25188 | Snake:2  | --fuck it, I'm sinking my scrolls into that one
 25505 | Snake:2  | Reached skill level 8 in Evocations
 26387 | Snake:2  | Reached XP level 18. HP: 119/156 MP: 26/26
 26395 | Snake:2  | Reached skill level 18 in Fighting
 26648 | Snake:3  | Entered Level 3 of the Snake Pit
 26668 | Snake:3  | Reached skill level 9 in Evocations
 26817 | Snake:3  | Reached skill level 4 in Dodging
 26861 | Snake:3  | Noticed Vashnia
 26875 | Snake:3  | Received a gift from Trog
 26890 | Snake:3  | HP: 43/157 [Vashnia/arrow (10)]
 26895 | Snake:3  | HP: 45/157 [poisoned by a naga (splash of poison)]
 26901 | Snake:2  | HP: 46/157 [poisoned by a naga (splash of poison)]
 27136 | Snake:3  | Reached skill level 5 in Dodging
 27360 | Snake:3  | Reached skill level 10 in Evocations
 27388 | Snake:3  | Killed Vashnia
 27388 | Snake:3  | Reached skill level 6 in Dodging
 27415 | Snake:3  | Reached skill level 7 in Dodging
 27701 | Snake:3  | Reached skill level 8 in Dodging
 27989 | Snake:3  | Reached skill level 9 in Dodging
 28017 | Snake:3  | Got a serpentine rune of Zot
 28179 | Snake:3  | Reached skill level 10 in Dodging
 28435 | Snake:3  | Reached XP level 19. HP: 136/163 MP: 29/29
 28436 | Snake:3  | --+3 exec axe of elec???
 28436 | Snake:3  | --well
 28436 | Snake:3  | --that is good, sure
 28436 | Snake:3  | --but a bad gift for a STAVES USER
 28553 | Snake:3  | --oh, right, 3 floors
 28634 | Vaults:1 | --gotta keep that in mind for Vaults too
 29100 | Vaults:2 | Found Ziob's Magic Scroll Shop.
 29106 | Vaults:2 | Bought a scroll of teleportation for 63 gold pieces
 29436 | Vaults:2 | Reached skill level 11 in Dodging
 29514 | Vaults:2 | Reached skill level 18 in Armour
 29515 | Vaults:2 | Found a staircase to the Elven Halls.
 29719 | Vaults:2 | Found Suzin's Magic Scroll Boutique.
 29732 | Vaults:2 | Reached ****** piety under Trog
 29748 | Vaults:2 | Received a gift from Trog
 29755 | Vaults:2 | Bought a scroll of teleportation for 48 gold pieces
 30687 | Vaults:3 | Entered Level 3 of the Vaults
 30688 | Vaults:3 | --right
 30836 | Depths:1 | Entered Level 1 of the Depths
 31088 | Depths:1 | Reached XP level 20. HP: 172/172 MP: 30/30
 31184 | Depths:1 | Noticed an ancient lich
 31194 | Depths:1 | Killed an ancient lich
 31194 | Depths:1 | Reached skill level 12 in Dodging
 31274 | Depths:1 | Reached skill level 19 in Fighting
 31474 | Depths:1 | Found a gateway to Hell.
 31489 | Depths:1 | --ew
 31612 | Depths:1 | Received a gift from Trog
 31719 | Depths:1 | Found a one-way gate to the infinite horrors of the Abyss.
 32253 | Depths:2 | Found a staircase to the Slime Pits.
 32602 | Depths:2 | HP: 40/174 [deep troll earth mage (27)]
 32608 | Depths:2 | HP: 30/174 [deep troll earth mage (14)]
 32608 | Depths:2 | HP: 6/174 [deep troll (24)]
 32608 | Depths:2 | Slain by a deep troll

Vault maps used:
D:1:      dpeg_arrival_prison, glass_columns_b, kennysheep_nondescript,
          roderic_lattice_a
D:2:      lemuel_crystal_altar, marbit_many_paths, corexii_shack, minivault_14,
          trog_butcher_becter
D:3:      minmay_diamond_boxcup, led_sif_book
D:4:      nicolae_gozag_seed_capital, uniq_duvessa
D:5:      nicolae_overflow_hidden_temple, grunt_temple_overflow_open,
          overflow_temple_1_default, uniq_pikel, uniq_sigmund
D:6:      kennysheep_steamy, minmay_temple_entry_statues_pillars,
          serial_co_window_serial, co_window_corner_a,
          co_window_of_opportunity_a, co_window_paths_a, co_window_paths_a,
          co_window_corner_a, co_window_paths_a, co_window_paths_a,
          co_window_corner_b, co_window_broadway_b, co_window_of_opportunity_b,
          co_window_corner_cb, co_window_broadway_a, co_window_broadway_a,
          glass_columns_a, glass_columns_b, glass_columns_a, glass_columns_c,
          glass_columns_a, uniq_prince_ribbit1
D:7:      serial_shops, nicolae_shop_statue_plus
D:8:      uniq_joseph, uniq_grum, uniq_gastronok
D:9:      cheibrodos_shockbox
D:10:     david_orc_4, kennysheep_generic_room_9
D:11:     minmay_shrinking_squares, uniq_snorg
D:12:     lemuel_slime, enter_trove_0, eino_jars, uniq_nergalle
D:13:     minmay_octo_star, serial_bayou_lagoon_b
D:14:     minmay_snake_entry_guardpost_small
D:15:     hangedman_depths_entry_try_elsewhere_first,
          lightli_vaults_fourway_checkpoint, nicolae_dithmenos_shadow_blocks,
          elves_outpost_lemuel, uniq_urug
Snake:2:  grunt_megastairs_2
Snake:3:  johnstein_snake_rune_scales
Orc:1:    basic_altar, portal_ice_cave_entry_pillars_1, nicolae_orc_tapped_out
Orc:2:    st_orc_pillars, sword_in_stone, uniq_nessos, uniq_azrael
Vaults:1: v_pattern_5, hangedman_vaults_impose, vaults_mumra_minichess,
          v_rooms_3, nicolae_vaults_asterisk, vaults_room_fours,
          ontoclasm_vaults_misaligned, v_misc_25, v_misc_12,
          vaults_standard_mumra_x, vaults_room_grid,
          nicolae_vaults_little_squares_3, nicolae_vaults_circle_grid_a,
          uniq_aizul
Vaults:2: v_misc_24, vaults_room_boxed, v_misc_4, ontoclasm_vaults_chip,
          vaults_room_mumra_shop_pool, vaults_standard_mumra_lines, v_misc_30,
          vaults_room_large_hall, ontoclasm_vaults_decontamination,
          v_alt_pattern_4, grunt_vaults_hallway_short, nicolae_vaults_gold_heap,
          v_misc_30, ontoclasm_vaults_shuriken, serial_shops, shop_statue
Vaults:3: uniq_frederick
Depths:1: hell_entry, minmay_misc_feat_iff, abyss_entry,
          minmay_gold_behind_fungi, minmay_guarded_unrand_mage
Depths:2: grunt_runaround, abyss_entry, hell_entry, pan_entry, uniq_khufu,
          uniq_jorgrun
Abyss:1:  evilmike_abyss_exit_7
IceCv:    ice_cave_small_giant

Action                   |  1- 3 |  4- 6 |  7- 9 | 10-12 | 13-15 | 16-18 | 19-21 || total
-------------------------+-------+-------+-------+-------+-------+-------+-------++-------
Melee: Quarterstaff      |    72 |   131 |   281 |   611 |  1650 |  1769 |   963 ||  5477
Throw: Poisoned dart     |       |       |     3 |     3 |       |       |       ||     6
       Javelin           |       |       |       |       |     6 |       |       ||     6
Invok: Berserk           |       |     3 |     6 |    14 |    25 |    13 |     7 ||    68
       Trog's Hand       |       |       |     1 |     2 |     5 |     7 |     4 ||    19
       Brothers in Arms  |       |       |       |       |    12 |    10 |     2 ||    24
Evoke: Wand              |       |       |       |     3 |     2 |     7 |     2 ||    14
  Use: Potion            |       |     1 |     1 |     5 |    10 |     4 |       ||    21
       Scroll            |       |       |     2 |     1 |    15 |    12 |     3 ||    33
 Stab: Sleeping          |     1 |       |       |       |       |       |       ||     1
       Distracted        |       |       |       |       |     1 |     1 |       ||     2
       Paralysed         |       |       |       |       |     3 |       |     6 ||     9
Armor: Leather armour    |     8 |       |       |       |       |       |       ||     8
       Chain mail        |     8 |    65 |   118 |    27 |       |       |       ||   218
       Plate armour      |       |       |       |   270 |  1013 |   893 |   270 ||  2446
Dodge: Dodged            |    33 |    53 |    98 |   148 |   744 |   677 |   393 ||  2146

Skill      XL: |  1  2  3  4  5  6  7  8  9 10 11 12 13 14 15 16 17 18 19 20 |
---------------+-------------------------------------------------------------+-----
Staves         | 4 5 6 7 9 10 12 13 14 | 14.0
Fighting       | 3 5 7 8 9 10 12 14 15 16 17 18 19 | 19.2
Armour         | 6 8 11 13 14 16 17 18 | 18.8
Axes           | 1 |  1.0
Evocations     | 4 8 10 | 10.9
Dodging        | 10 11 12 | 12.6
Throwing       | |  2.0
